Map: Eternal Empire LE

Players

HuShang

  • Race: Protoss Protoss
  • League: Master
  • Spawn Location: 1:00

A.I. 2 (Very Easy) - Winner!

  • Race: Terran Terran
  • Spawn Location: 7:00

VOD

Have the link to the VOD?

Description

Time

  • Played on: Sept. 9, 2020, 6:16 a.m.
  • Length: 4:47
Show
View Real Time Build Order
Export as new Build Order

HuShang Protoss 

Build Orders: 1 Gate Expand 

Get SALT Encoding   

  6  0:01  Probe  
  13  0:13  Probe  
  14  0:18  Pylon  
  14  0:25  Probe (Chrono Boost)  
  15  0:37  Probe (Chrono Boost)  
  15  0:41  Gateway  
  16  0:45  Probe (Chrono Boost)  
  16  0:47  Assimilator  
  17  0:51  Probe  
  18  1:03  Probe  
  19  1:15  Probe  
  20  1:24  Nexus  
  20  1:35  Cybernetics Core  
  20  1:37  Probe  
  21  1:42  Assimilator  
  21  1:49  Probe  
  21  1:52  Pylon  
  22  2:01  Probe  
  23  2:09  Stalker (Chrono Boost)  
  23  2:15  Warp Gate  
  25  2:16  Probe  
  26  2:28  Probe  
  27  2:31  Robotics Facility  
  27  2:37  Stalker  
  27  2:40  Probe x2  
  31  2:52  Probe x2  
  33  2:59  Gateway  
  33  3:02  Gateway  
  33  3:04  Probe  
  33  3:05  Probe  
  35  3:16  Probe  
  35  3:17  Probe  
  35  3:19  Observer (Chrono Boost)  
  38  3:26  Pylon  
  38  3:28  Stalker  
  38  3:30  Probe x2  
  38  3:32  Observer (Chrono Boost)  
  43  3:42  Probe x2  
  43  3:45  Pylon  
  45  3:52  Twilight Council  
  45  3:54  Probe  
  45  3:55  Probe  
  47  3:56  Forge  
  47  3:59  Observer  
  48  4:06  Probe  
  48  4:07  Probe  
  48  4:08  Assimilator  
  50  4:12  Assimilator  
  50  4:19  Probe x2  
  52  4:24  Stalker x3  
  52  4:31  Probe  
Show
View Real Time Build Order
Export as new Build Order

A.I. 2 (Very Easy) Terran - Winner!

Build Orders: Reaper Expand 

Get SALT Encoding   

  6  0:00  SCV  
  13  0:13  SCV  
  14  0:18  Supply Depot  
  14  0:42  Barracks  
  14  1:05  Command Center  
  14  1:30  Marine  
  14  1:32  Orbital Command, Supply Depot  
  15  1:38  Refinery  
  15  1:49  Refinery  
  15  1:57  SCV  
  16  2:10  SCV  
  17  2:18  Reaper  
  17  2:22  SCV  
  19  2:23  SCV  
  20  2:34  SCV  
  21  2:37  SCV  
  22  2:46  SCV  
  22  2:49  Refinery  
  23  2:52  SCV  
  24  2:59  SCV  
  24  3:02  Marine  
  26  3:06  SCV  
  27  3:13  SCV  
  28  3:20  SCV  
  28  3:21  Factory  
  29  3:44  SCV, Refinery  
  29  3:48  Marine  
  31  3:51  SCV  
  32  3:56  Supply Depot  
  32  4:00  SCV  
  33  4:07  SCV  
  33  4:08  Barracks Tech Lab, Starport  
  34  4:14  SCV  
  35  4:21  SCV  
  36  4:28  SCV  
  37  4:32  Supply Depot  
  41  4:46  Starport Tech Lab  
Tags
 
Add a new tag
Caveats
  • Supply blocks, unpowered buildings, or Contaminate may cause inaccurate times.
  • Supply counts are checked every 10 seconds.